AoeStats
← CYTR.波吉

African Clearing

506661632Analyzed
4v4 RM · 16d ago on Sep 14, 2026· 47m 33s· 8 players
Game mode
Random Map
Map size
Large (8 player)
Population
200
Speed
Normal
Resources
Standard
Victory
Conquest
Starting age
Dark Age
Ending age
Imperial Age
RankedLock teamsTeams togetherTeam positionsShared explorationLock speedFull tech treeHidden civsTurbo modeCheats
Victory
Defeat
🇹🇼 Vietnamese · Taiwan
1339
+13
🇹🇼 Tupi · Taiwan
1338
+13
🇨🇱 Magyars · Chile
1312
+14
🇵🇪 Chinese · Peru
1285
+15
🇻🇳 Vietnamese · Vietnam
1320
-17
🇻🇳 Berbers · Vietnam
1282
-14
🇻🇳 Wei · Vietnam
1258
-13
🇻🇳 Persians · Vietnam
1202
-11
kalioglu
3:00 Loom
12:47 Feudal Age
16:52 Castle Age
16:58 Fletching
29:22 Wheelbarrow
31:53 Double-Bit Axe
32:41 Bodkin Arrow
35:06 Stone Mining
36:11 Hand Cart
38:09 Ballistics
38:38 Gold Mining
39:41 Bow Saw
43:47 Imperial Age
41:18 Padded Archer Armor
41:38 Horse Collar
42:48 Gold Shaft Mining
42:51 Stone Shaft Mining
42:47 Heavy Plow
43:49 Leather Archer Armor
45:32 Chemistry
44:37 Bracer
44:09 Elite Chu Ko Nu
44:40 Town Watch
45:53 Conscription
46:17 Ring Archer Armor
46:05 Masonry
47:39 Two-Man Saw
47:33 Town Patrol
DD2E D10 Bulldozer
4:13 Loom
12:55 Feudal Age
13:29 Double-Bit Axe
19:51 Scale Barding Armor
29:02 Castle Age
29:52 Bloodlines
29:44 Husbandry
29:07 Light Cavalry
33:46 Horse Collar
34:55 Chain Barding Armor
45:13 Heavy Plow
48:01 Imperial Age
46:13 Wheelbarrow
45:39 Gold Mining
45:39 Stone Mining
CYTR.波吉
11:03 Loom
12:48 Feudal Age
17:01 Castle Age
15:14 Double-Bit Axe
16:30 Gold Mining
18:30 Bow Saw
18:00 Horse Collar
22:20 Fletching
23:03 Bodkin Arrow
24:20 Padded Archer Armor
24:55 Fishing Lines
26:26 Wheelbarrow
26:29 Town Watch
31:02 Hand Cart
31:37 Ballistics
37:20 Imperial Age
35:13 Scale Mail Armor
35:23 Forging
35:29 Heavy Plow
35:37 Champi Runner
36:17 Squires
36:03 Arson
36:35 Chain Mail Armor
36:44 Stone Mining
37:31 Gold Shaft Mining
36:40 Treadmill Crane
36:37 Champi Warrior
37:51 Caciques
38:13 Bracer
39:00 Leather Archer Armor
39:49 Chemistry
39:53 Town Patrol
39:26 Elite Champi Warrior
42:12 Plate Mail Armor
42:17 Iron Casting
42:23 Conscription
42:20 Elite Blackwood Archer
44:29 Two-Man Saw
46:49 Elite Skirmisher
46:51 Pikeman
CYTR.波力士上帝
4:11 Loom
12:53 Feudal Age
17:03 Castle Age
17:41 Double-Bit Axe
19:54 Fletching
24:45 Padded Archer Armor
24:49 Bodkin Arrow
25:50 Bow Saw
27:34 Town Watch
30:03 Wheelbarrow
31:26 Ballistics
33:49 Leather Archer Armor
38:29 Gold Mining
38:29 Stone Mining
39:11 Chatras
40:07 Horse Collar
41:34 Bloodlines
41:25 Husbandry
42:49 Scale Barding Armor
45:26 Imperial Age
43:55 Chain Barding Armor
43:46 Forging
46:08 Iron Casting
46:56 Plate Barding Armor
46:32 Elite Battle Elephant
kw3dsky
4:59 Loom
11:31 Loom
13:55 Feudal Age
18:57 Castle Age
18:12 Double-Bit Axe
32:32 Wheelbarrow
33:56 Husbandry
35:12 Bloodlines
35:59 Hand Cart
44:24 Imperial Age
45:11 Padded Archer Armor
45:01 Fletching
46:06 Elite Genitour
47:35 Leather Archer Armor
Tin's
6:55 Loom
12:24 Feudal Age
26:20 Castle Age
24:23 Double-Bit Axe
24:24 Horse Collar
26:38 Scale Barding Armor
26:43 Forging
32:32 Gold Mining
34:32 Fletching
35:01 Bow Saw
37:41 Husbandry
37:54 Bloodlines
39:27 Chain Barding Armor
44:58 Imperial Age
43:02 Stone Mining
45:38 Conscription
Phu Thuy
8:46 Loom
11:53 Feudal Age
12:42 Double-Bit Axe
15:09 Forging
16:56 Scale Barding Armor
18:03 Scale Barding Armor
24:39 Horse Collar
26:20 Wheelbarrow
25:39 Gold Mining
28:52 Bloodlines
32:30 Castle Age
36:07 Town Watch
36:40 Bow Saw
danganharmy
4:53 Loom
13:09 Feudal Age
13:45 Double-Bit Axe
28:30 Castle Age
26:38 Horse Collar
26:50 Fletching
27:00 Padded Archer Armor
28:41 Padded Archer Armor
28:37 Crossbowman
29:14 Bodkin Arrow
33:31 Wheelbarrow
33:07 Thumb Ring
34:42 Hand Cart
35:12 Town Watch
37:39 Bow Saw
38:13 Leather Archer Armor
38:48 Heavy Plow
41:19 Ballistics
41:20 Gold Mining
41:20 Stone Mining
42:51 Elite Skirmisher
46:54 Imperial Age
47:25 Forging
47:15 Scale Mail Armor
Connection lost

Rejoining the realm…

Still unreachable

The connection could not be restored.

Session expired

The server has moved on; the page needs a fresh start.